 Dungeon Crawl Stone Soup version 0.19.4-8-ga85b6b9 (webtiles) character file.

57 JNO the Sneak (level 3, -1/24 HPs)
             Began as a Vampire Enchanter on Feb 9, 2017.
             Slain by an adder (2 damage)
             ... on level 1 of the Dungeon.
             The game lasted 00:11:20 (1857 turns).

JNO the Sneak (Vampire Enchanter)                   Turns: 1857, Time: 00:11:21

Health: -1/24      AC:  3    Str:  7    XL:     3   Next: 73%
Magic:  1/7        EV: 13    Int: 17    God:
Gold:   22         SH:  0    Dex: 15    Spells: 3 memorised, 1 level left

rFire  . . .     SeeInvis +     a - +1 dagger
rCold  . . .     Gourm    .     b - +1 robe
rNeg   + . .     Faith    .     (no shield)
rPois  .         Spirit   .     (no helmet)
rElec  .         Reflect  .     (no cloak)
rCorr  .         Harm     .     (no gloves)
MR     .....                    (no boots)
Stlth  +++.......               (no amulet)
                                (no ring)
                                (no ring)

@: lethally poisoned (-1 -> -6), very slightly contaminated
A: fangs 3, see invisible, unbreathing
a: Bat Form


You were on level 1 of the Dungeon.
You were not thirsty.

You visited 1 branch of the dungeon, and saw 2 of its levels.

You collected 22 gold pieces.

Inventory:

Hand Weapons
 a - a +1 dagger (weapon)
Armour
 b - a +1 robe (worn)
Scrolls
 e - 2 scrolls of fear {unknown}
 f - a scroll of recharging {unknown}
 g - a scroll of identify {unknown}
Potions
 d - 5 potions of blood
Books
 c - a book of Maledictions

   Spells                             Type                      Level
   a - Corona                         Hexes                        1
   b - Ensorcelled Hibernation        Hexes/Ice                    2
   c - Confuse                        Hexes                        3
   d - Tukima's Dance                 Hexes                        3
   e - Dazzling Spray                 Conjuration/Hexes            3


   Skills:
 + Level 1.8 Short Blades
 + Level 2.7 Dodging
 + Level 5.1 Stealth
 + Level 2.6 Spellcasting
 + Level 4.8 Hexes


You had one spell level left.
You knew the following spells:

 Your Spells              Type           Power        Failure   Level  Hunger
a - Corona                Hex            ###....      2%          1    #......
b - Tukima's Dance        Hex            ###.....     10%         3    ###....
c - Ensorcelled Hibernat  Hex/Ice        ##....       12%         2    ##.....


Dungeon Overview and Level Annotations

Branches:
Dungeon (2/15)

Altars:
Cheibriados

Annotations:
D:1 exclusions: door and 1 more exclusion
D:2 Sigmund


Innate Abilities, Weirdness & Mutations

You have razor-sharp teeth.
You have supernaturally acute eyesight. (SInv)
You can survive without breathing.


Message History

* * * LOW HITPOINT WARNING * * *
You feel sick. The adder barely misses you.
The leopard gecko barely misses you. The adder closely misses you.
Casting: Ensorcelled Hibernation
Confirm with . or Enter, or press ? or * to list all spells.
Aiming: Ensorcelled Hibernation
Press: ? - help, Shift-Dir - straight line, f/p - adder
Aim: an adder (moderately wounded, not susceptible)
You miscast Ensorcelled Hibernation.
You are very lightly contaminated with residual magic.
Your skin tingles.
The leopard gecko barely misses you. The adder bites you.
* * * LOW HITPOINT WARNING * * *
The leopard gecko closely misses you.
Casting: Ensorcelled Hibernation
Confirm with . or Enter, or press ? or * to list all spells.
You don't have enough magic to cast that spell.
You hit the leopard gecko but do no damage.
* * * LOW HITPOINT WARNING * * *
You feel sick. The adder bites you.
You die...

#####.##.####.##.#.##.####w##.#
...##.###.###.###.###.###.###.#
......# ##.##.##.#.##.##.## #.#
......#####.#.#.###.#.#.#####.#
.........###...#####...###....#
.....#.#.# ##.........## #.####
.....#.#.####+#######+####.#
.....#...........S.........#
.....##########l@###########
.....# #### .##### .######
.'....# .####.# .# #.# ## #.#
#.#


You could see an adder and a leopard gecko.

Vanquished Creatures
  2 adders
  An ooze (D:1)
  A dart slug (D:1)
  2 leopard geckos (D:1)
  2 ball pythons (D:1)
  7 bats
  A giant cockroach (D:1)
  A goblin (D:1)
  3 hobgoblins (D:1)
  4 jackals (D:1)
  A kobold (D:1)
  3 frilled lizards
  2 rats (D:1)
30 creatures vanquished.

Notes
Turn   | Place    | Note
-------+----------+-------------------------------------------
     0 | D:1      | JNO the Vampire Enchanter began the quest for the Orb.
     0 | D:1      | Reached XP level 1. HP: 13/13 MP: 3/3
   314 | D:1      | Found a snail-covered altar of Cheibriados.
   452 | D:1      | You fall through a shaft!
   454 | D:2      | Reached XP level 2. HP: 19/19 MP: 5/5
   796 | D:1      | Reached XP level 3. HP: 24/24 MP: 6/6
  1359 | D:1      | Reached skill level 5 in Stealth
  1376 | D:1      | Learned a level 3 spell: Tukima's Dance
  1380 | D:1      | Learned a level 2 spell: Ensorcelled Hibernation
  1740 | D:2      | Noticed Sigmund
  1857 | D:1      | HP: 1/24 [poisoned by an adder]
  1857 | D:1      | Slain by an adder

Skill      XL: |  1  2  3 |
---------------+----------+-----
Stealth        | 5 |  5.1
Short Blades   | |  1.8
Dodging        | |  2.7
Spellcasting   | |  2.6
Hexes          | |  4.8

Action                   || total
-------------------------++-------
Melee: Dagger            ||   134
       Bite              ||     9
 Cast: Corona            ||    32
       Ensorcelled Hiber ||     4
 Abil: End Transformatio ||     1
       Bat Form          ||     1
  Use: Potion            ||     3
 Stab: Sleeping          ||     2
Armor: Robe              ||    37
Dodge: Dodged            ||   119
